 Dungeon Crawl Stone Soup version 0.32-a0-42-ga30500b (webtiles) character file.

Game seed: 14429845150987376235

301 Dorkslayer the Ruffian (level 6, -4/57 HPs)
             Began as an Octopode Shapeshifter on Jan 29, 2024.
             Slain by a bullfrog (5 damage)
             ... in a sewer on Jan 30, 2024.
             The game lasted 01:03:58 (2767 turns).

Dorkslayer the Ruffian (Octopode Shapeshifter)      Turns: 2767, Time: 01:03:59

Health: -4/57      AC:  1    Str: 15    XL:     6   Next: 37%
Magic:  6/6        EV: 13    Int: 13    God:
Gold:   129        SH:  0    Dex: 11    Spells: 5/5 levels left

rFire   . . .        e - +2 spear (venom)
rCold   . . .        (no shield)
rNeg    . . .        (helmet currently unavailable)
rPois   .            (no amulet)
rElec   .            g - ring of wizardry
rCorr   .            (no ring)
SInv    .            (no ring)
Will    .....        (no ring) Stlth
                     (no ring)
HPRegen 0.29/turn    (no ring)
MPRegen 0.10/turn    (no ring)
                     (no ring)

%: wizardry (x1)
@: berserking, beast-form, very quick
A: beast (slay +2), almost no armour, amphibious, 8 rings, camouflage 1,
gelatinous body 1, nimble swimmer 1, tentacles
a: Begin Untransformation


You were in a sewer.
You were a hulking beast.
You visited 1 branch of the dungeon, and saw 4 of its levels.
You also visited: Sewer.

You collected 129 gold pieces.

Inventory:

Hand Weapons
 d - a +0 war axe
 e - a +2 spear of venom (weapon)
Jewellery
 g - a ring of wizardry (left tentacle)
Talismans
 b - a beast talisman
 c - a flux talisman
Scrolls
 h - a scroll of identify
 i - a scroll of enchant armour
 j - 4 scrolls of enchant weapon {unknown}
 l - a scroll of summoning
Potions
 a - 3 potions of lignification
 f - a potion of berserk rage
 k - a potion of curing


   Skills:
 + Level 1.5 Fighting
 + Level 1.1 Polearms
 + Level 3.1 Dodging
 + Level 4.2 Stealth
 + Level 4.3 Unarmed Combat
 + Level 4.0 Shapeshifting


You had 5 spell levels left.
You didn't know any spells.
Your spell library contained the following spells:

 Spells                   Type           Power      Damage    Failure   Level
 Kiss of Death            Conj/Necr      0%         2d5       12%         1
 Call Imp                 Summ           0%         N/A       19%         2
 Mercury Vapours          Alch/Air       0%         N/A       19%         2
 Sublimation of Blood     Necr           0%         N/A       19%         2
 Confusing Touch          Hex            0%         N/A       34%         3
 Mephitic Cloud           Conj/Alch/Air  0%         N/A       34%         3
 Dispel Undead            Necr           0%         3d6       73%         4
 Freezing Cloud           Conj/Ice/Air   0%         6-21      96%         5
 Summon Hydra             Summ           0%         N/A       100%        7


Dungeon Overview and Level Annotations

Branches:
Dungeon (4/15)              Sewer (1/1)
 Temple: D:4-7

Altars:


Innate Abilities, Weirdness & Mutations

You are a hulking beast.
Your limbs bulge with bestial killing power. (Slay +2)
You cannot wear most types of armour.
You are amphibious.
You can wear up to eight rings at the same time.
Your skin changes colour to match your surroundings (Stealth+).
Your rubbery body absorbs attacks. (AC +1, EV +1)
You are camouflaged when in or above water. (Stealth+)
You have tentacles for arms and can constrict up to eight enemies at once.


Message History

The endoplasm is moderately wounded.
The bullfrog barely misses you. The frilled lizard bites you.
The endoplasm barely misses you. The bullfrog hits you.
You hit the endoplasm. You squeeze the endoplasm.
You kill the endoplasm!
The bullfrog barely misses you. The bullfrog hits you.
The frilled lizard completely misses you.
You hit the bullfrog.
The bullfrog is poisoned.
You grab the bullfrog. You squeeze the bullfrog.
The bullfrog is moderately wounded.
You constrict the bullfrog. The bullfrog completely misses you.
The bullfrog hits you.
The frilled lizard bites you but does no damage.
The bullfrog hits you.
* * * LOW HITPOINT WARNING * * *
The bullfrog closely misses you.
It was a potion of berserk rage.
A red film seems to cover your vision as you go berserk!
You feel yourself moving faster!
You feel mighty!
You constrict the bullfrog. The bullfrog hits you.
* * * LOW HITPOINT WARNING * * *
The bullfrog hits you.
* * * LOW HITPOINT WARNING * * *
The frilled lizard barely misses you.
You barely miss the bullfrog. Your grab misses the bullfrog.
You constrict the bullfrog. The bullfrog hits you.
* * * LOW HITPOINT WARNING * * *
The bullfrog misses you. The frilled lizard closely misses you.
The rat barely misses you.
You miss the bullfrog. You grab the bullfrog. You constrict the bullfrog. x2
The bullfrog misses you. The bullfrog closely misses you.
The frilled lizard bites you.
* * * LOW HITPOINT WARNING * * *
You hit the bullfrog.
The bullfrog is poisoned.
You tentacle-slap the bullfrog!
The bullfrog is severely wounded.
You constrict the bullfrog. x2; The bullfrog closely misses you.
The bullfrog hits you!
* * * LOW HITPOINT WARNING * * *
The rat barely misses you. The bullfrog hits you.
You die...

#######################
#...#~~≈≈~~~~~~≈≈≈~~#.##
....~~≈~~#~..~≈~~~≈~....
.....~~~~~#~~≈~~~~~~....
....~≈~~~~~≈≈~~~~~~~~...
....~~Flr~≈≈≈≈≈~~~~~~...
#....~Fh≈≈≈≈≈≈≈≈≈≈≈~.†..
#+####################..
####† #..#. #..'. #####
##.
####################..
###..~~~~≈≈≈#≈#~~~≈~#...


You could see 2 bullfrogs, a frilled lizard and a rat.

Vanquished Creatures
  9 adders
  6 river rats (Sewer)
  7 gnolls
  2 dart slugs
  A ribbon worm (D:2)
  10 bats
  8 endoplasms
  2 giant cockroaches
  2 goblins
  8 hobgoblins
  7 jackals (D:2)
  3 quokkas
  17 ball pythons
  6 frilled lizards
  3 kobolds
  16 rats
107 creatures vanquished.

Notes
Turn   | Place    | Note
-------+----------+-------------------------------------------
     0 | D:1      | Dorkslayer the Octopode Shapeshifter began the quest for
                  | the Orb.
     0 | D:1      | Reached XP level 1. HP: 13/13 MP: 1/1
   180 | D:1      | Reached XP level 2. HP: 18/18 MP: 2/2
   430 | D:1      | Reached skill level 1 in Stealth
   572 | D:1      | Reached XP level 3. HP: 19/23 MP: 3/3
   839 | D:2      | Reached XP level 4. HP: 25/28 MP: 4/4
  1326 | D:2      | Reached XP level 5. HP: 27/33 MP: 5/5
  2235 | D:4      | Found a glowing drain.
  2244 | Sewer    | Entered a sewer
  2446 | Sewer    | Reached XP level 6. HP: 20/38 MP: 6/6
  2723 | Sewer    | Reached skill level 1 in Polearms
  2767 | Sewer    | HP: 1/57 [bullfrog (7)]
  2767 | Sewer    | Slain by a bullfrog

Illustrated notes

Levels and vault maps discovered:
D:1:      matt_arrival_los_fun, layout_basic, minmay_misc_feat_encased
D:2:      layout_rooms
D:3:      layout_loops_ring, minmay_misc_feat_chi
D:4:      layout_loops_ring, grunt_temple_overflow_open,
          chequers_temple_overflow_statue_of_worship, portal_sewer_entry_d,
          kennysheep_potato, uniq_menkaure
Sewer:    sewer_minmay_w

Skill      XL: |  1  2  3  4  5  6 |
---------------+-------------------+-----
Stealth        | 1 2 3 4 |  4.2
Unarmed Combat | 4 |  4.3
Dodging        | 3 |  3.1
Polearms       | 1 |  1.1
Shapeshifting  | 4 |  4.0
Fighting       | |  1.5

Action                     |  1- 3 |  4- 6 || total
---------------------------+-------+-------++-------
  Melee: Unarmed           |    62 |    51 ||   113
         Constrict         |    14 |    28 ||    42
         Tentacles         |     4 |    25 ||    29
         Punch             |     1 |     6 ||     7
         Spear             |       |    89 ||    89
    Use: Scroll            |       |     9 ||     9
         Potion            |       |     1 ||     1
   Stab: Sleeping          |     8 |     8 ||    16
         Distracted        |       |     1 ||     1
 Armour: Skin              |    26 |    74 ||   100
  Dodge: Dodged            |    44 |   119 ||   163

Table legend: (Time is in decaauts)
 A = Elapsed time spent in this place.
 B = Non-inter-level travel time spent in this place.
 C = Inter-level travel time spent in this place.
 D = Time resting spent in this place.
 E = Time spent auto-exploring this place.
 F = Levels seen in this place.
 G = Mean time per level.
                   A        B        C        D        E       F      G
               +--------+--------+--------+--------+--------+-----+--------+
         Total |   2763 |   2763 |      0 |     72 |   1614 |   5 |  552.6 |
       Dungeon |   2236 |   2236 |      0 |     72 |   1312 |   4 |  559.0 |
         Sewer |    526 |    526 |      0 |      0 |    302 |   1 |  526.0 |
               +--------+--------+--------+--------+--------+-----+--------+

Top non-repeatable levels by time:
     D:2: 851 daAuts
     D:1: 698 daAuts
     D:3: 660 daAuts
   Sewer: 526 daAuts
     D:4: 26 daAuts
